 Seeded DCSS version 0.29.1-15-g9cfb28693d (webtiles) character file.

Game seed: 16812088435827037613 (custom seed)

2 Psyclone the Stinger (level 1, -1/11 HPs)
             Began as an Octopode Venom Mage on Sept 26, 2023.
             Slain by a quokka (5 damage)
             ... on level 1 of the Dungeon.
             The game lasted 00:00:29 (146 turns).

Psyclone the Stinger (Octopode Venom Mage)           Turns: 146, Time: 00:00:29

Health: -1/11      AC:  1    Str:  7    XL:     1   Next: 40%
Magic:  3/3        EV: 13    Int: 17    God:
Gold:   0          SH:  0    Dex: 12    Spells: 3/4 levels left

rFire   . . .      SeeInvis .   d - +0 dagger
rCold   . . .      Faith    .   (no shield)
rNeg    . . .      Spirit   .   (helmet restricted)
rPois   .          Reflect  .   (no amulet)
rElec   .          Harm     .   (no ring)
rCorr   .          Rampage  .   (no ring)
Will    .....                   (no ring)
Stlth   +++.......              (no ring)
HPRegen 0.03/turn               (no ring)
MPRegen 0.08/turn               (no ring)
                                (no ring)
                                (no ring)

@: no status effects
A: almost no armour, amphibious, 8 rings, camouflage 1, gelatinous body 1,
(nimble swimmer 1), tentacles
a: no special abilities


You were on level 1 of the Dungeon.
You visited 1 branch of the dungeon, and saw 1 of its levels.

Inventory:

Hand Weapons
 d - a +0 dagger (weapon)
Jewellery
 c - a +6 ring of dexterity
Potions
 a - a potion of magic
 b - a potion of lignification {unknown}


   Skills:
 - Level 2.0 Dodging
 - Level 2.6 Stealth
 - Level 2.0 Spellcasting
 - Level 1.0 Transmutations
 + Level 3.9 Poison Magic


You had 3 spell levels left.
You knew the following spells:

 Your Spells              Type           Power      Damage    Failure   Level
a - Sting                 Tmut/Pois      40%        1d5       7%          1

Your spell library contained the following spells:

 Spells                   Type           Power      Damage    Failure   Level
 Poisonous Vapours        Pois/Air       16%        N/A       13%         2
 Mephitic Cloud           Conj/Pois/Air  6%         N/A       34%         3
 Olgreb's Toxic Radiance  Pois           14%        N/A       36%         4


Dungeon Overview and Level Annotations

Branches:
Dungeon (1/15) Zot: 5853

Altars:


Innate Abilities, Weirdness & Mutations

You cannot wear most types of armour.
You are amphibious.
You can wear up to eight rings at the same time.
Your skin changes colour to match your surroundings (Stealth+).
Your rubbery body absorbs attacks. (AC +1, EV +1)
((You are camouflaged when in or above water. (Stealth+)))
You have tentacles for arms and can constrict up to eight enemies at once.


Message History

You now have 0/3 mp.
Casting: Sting (safe; 8% risk of failure)
Confirm with . or Enter, or press ? or * to list all spells.
You don't have enough magic to cast this spell.
Unknown command.
d - a +0 dagger (weapon)
You hit the goblin but do no damage. You grab the goblin.
You constrict the goblin. The goblin barely misses you.
You hit the goblin.
You kill the goblin!
Things that are here:
a +0 dagger; a goblin corpse Your magical contamination has completely faded away.
Magic restored.
A kobold and a goblin come into view.
The kobold moves out of view.
MP restored: 3 A goblin is nearby!
Found a robe.
A quokka comes into view.
There is an open door here.
Casting: Sting (safe; 7% risk of failure)
Confirm with . or Enter, or press ? or * to list all spells.
You can't see any susceptible monsters within range! (Use Z to cast anyway.) Unknown command.
A hobgoblin comes into view.
The goblin shouts!
The hobgoblin shouts!
There is an open door here.
The quokka bites you.
You take 3 damage, and have 8/11 hp.
MASSIVE DAMAGE!!
You closely miss the quokka. Your grab misses the quokka.
The quokka closely misses you.
You hit the quokka but do no damage. You grab the quokka.
You constrict the quokka, but do no damage.
The quokka bites you.
You take 4 damage, and have 4/11 hp.
MASSIVE DAMAGE!!
You barely miss the quokka.
You constrict the quokka, but do no damage.
The quokka bites you.
You die...

##...##.######♣.♣....♣♣♣#
##.###.....# #####......
#..# #.##### ###♣♣♣.
##.###.# #+## ♣♣ #....##
#...## # #.#### #.....#
#†##.######.......
.######)#.....##g.......
............#.@rK.......
...######.....##g.......
##.#.####....... ###.#
#[....# #.# #...## #.#
#+## #.# #.# #.#


You could see a quokka, a hobgoblin, a goblin and a kobold.

Vanquished Creatures
  2 goblins (D:1)
2 creatures vanquished.

Notes
Turn   | Place    | Note
-------+----------+-------------------------------------------
     0 | D:1      | Psyclone the Octopode Venom Mage began the quest for the
                  | Orb.
     0 | D:1      | Reached XP level 1. HP: 11/11 MP: 3/3
   146 | D:1      | Slain by a quokka

Illustrated notes

Levels and vault maps discovered:
D:1:      sevenhm_arrival_forest_fort_large_2, layout_loops_corners,
          serial_shops, shop, minivault_27

Action                   || total
-------------------------++-------
Melee: Dagger            ||     5
       Constrict         ||     2
 Cast: Sting             ||     2
Dodge: Dodged            ||     3
